 Dungeon Crawl Stone Soup version 0.22-b1-21-g5cfc1688f2 (webtiles) character file.

205 Pisosu the Shield-Bearer (level 5, -2/47 HPs)
             Began as a Minotaur Fighter on Aug 6, 2018.
             Was an Initiate of Trog.
             Splashed by an orc's acid (11 damage)
             ... on level 4 of the Dungeon.
             The game lasted 00:06:34 (2905 turns).

Pisosu the Shield-Bearer (Minotaur Fighter)         Turns: 2905, Time: 00:06:34

Health: -2/47      AC:  9    Str: 21    XL:     5   Next: 52%
Magic:  4/4        EV:  8    Int:  5    God:    Trog [......]
Gold:   236        SH: 10    Dex: 10    Spells: 4/4 levels left

rFire    . . .     SeeInvis .   a - +1 flail
rCold    . . .     Gourm    .   c - +0 shield
rNeg     . . .     Faith    .   v - +1 ring mail {MR+}
rPois    .         Spirit   .   (helmet restricted)
rElec    .         Reflect  .   (no cloak)
rCorr    .         Harm     .   (no gloves)
MR       +....                  t - +1 pair of boots
Stlth    ++........             (no amulet)
HPRegen  0.15/turn              n - ring of stealth
MPRegen  0.09/turn              b - ring of stealth

@: no status effects
A: retaliatory headbutt, horns 2
a: Renounce Religion


You were on level 4 of the Dungeon.
You worshipped Trog.
Trog was noncommittal.
You were hungry.

You visited 2 branches of the dungeon, and saw 5 of its levels.

You collected 236 gold pieces.

Inventory:

Hand Weapons
 a - a +1 flail (weapon)
Armour
 c - a +0 shield (worn)
 t - a +1 pair of boots (worn)
 v - a +1 ring mail of magic resistance (worn)
Jewellery
 b - a ring of stealth (right hand)
 n - a ring of stealth (left hand)
 q - an uncursed ring of fire
Wands
 o - a wand of flame (18)
Scrolls
 e - 6 scrolls of identify
 p - a scroll of amnesia
 s - a scroll of enchant weapon
 y - 2 scrolls of remove curse
Potions
 d - 2 potions of might
 h - 7 potions of curing
 i - a potion of mutation {unknown}
 j - 2 potions of brilliance {unknown}
 l - a potion of degeneration {unknown}
 r - 2 potions of lignification {unknown}
 u - 3 potions of flight {unknown}
 x - a potion of heal wounds {unknown}
Comestibles
 f - 7 rations


   Skills:
 + Level 4.4 Fighting
 + Level 4.4 Maces & Flails
 + Level 4.9 Armour
 + Level 5.0 Shields


You had 4 spell levels left.
You didn't know any spells.
Your spell library was empty.

Dungeon Overview and Level Annotations

Branches:
Dungeon (4/15)             Temple (1/1) D:4

Altars:
Cheibriados
Dithmenos
Elyvilon
Fedhas
Gozag
Okawaru
Ru
Trog
Wu Jian
Yredelemnul
Zin

Shops:
D:4 *[=}


Innate Abilities, Weirdness & Mutations

You reflexively headbutt those who attack you in melee.
You have a pair of horns on your head.


Message History

An orc priest comes into view. It is wielding a dagger.
The orc shouts!
The orc priest shouts!
You hear a shout! x2
An orc comes into view. It is wielding a mace.
The orc shouts!
You hear a shout!
The orc zaps a wand.
The bolt of acid hits you!
You are splashed with acid!
The acid burns!
It is a wand of acid (5).
Found Qyugrur's Armour Boutique.
You are too injured to fight recklessly!
You are too injured to fight recklessly!
You are too injured to fight recklessly!
You are too injured to fight recklessly!
You are too injured to fight recklessly!
You are too injured to fight recklessly!
You are too injured to fight recklessly!
You are too injured to fight recklessly!
The orc priest looks encouraged for a moment.
The orc zaps a wand.
The bolt of acid hits you!
* * * LOW HITPOINT WARNING * * *
You are splashed with acid!
The acid burns!
You die...

*####+#####..#.##.##...#.##***##
*............#..###....#..,,,,,,
*,#......######.....#..#.#*****,
*,#.[..................#.# *,
*,#(....#.#########....#.# *,
*,#.#.#.#.# #.##.#.# #.
*,#,#.#.#.# #######.##.#.# #.
**,*,#,..#.# #........#...# #.
,,,*,,,..#.# #.#@....###..######.
**,***.....# #.#.....#...........
,,,,,,.....#*#.#o.........####..<
,****,***#.#...o..........# #...
,**,,,,,**,#..............# #...
,*,,,,,,,*,#.o...###......# #.#.
,*,,,,,,,*.......# #....∩.# #...
,,,,,_,,,.o......# #......######.
,*,,,,,,,#.#⌠.⌠### #####.>.......


You could see an orc priest and an orc.

Vanquished Creatures
  An iguana (D:4)
  Ijyb (D:2)
  A hound zombie (D:2)
  4 adders
  An adder zombie (D:2)
  An adder skeleton (D:2)
  A worm (D:4)
  2 dart slugs (D:1)
  3 leopard geckos
  3 orcs
  2 ball pythons
  3 bats
  4 giant cockroaches
  16 goblins
  9 hobgoblins
  7 jackals
  3 frilled lizards
  8 kobolds
  A leopard gecko skeleton (D:2)
  A leopard gecko zombie (D:2)
  8 rats
80 creatures vanquished.

Notes
Turn   | Place    | Note
-------+----------+-------------------------------------------
     0 | D:1      | Pisosu the Minotaur Fighter began the quest for the Orb.
     0 | D:1      | Reached XP level 1. HP: 19/19 MP: 0/0
   349 | D:1      | Reached skill level 4 in Shields
   349 | D:1      | Reached XP level 2. HP: 27/27 MP: 1/1
   640 | D:2      | Noticed Ijyb
   654 | D:2      | Killed Ijyb
   654 | D:2      | Reached XP level 3. HP: 14/33 MP: 2/2
   866 | D:2      | Found an opulent altar of Gozag.
   919 | D:2      | Reached XP level 4. HP: 38/40 MP: 3/3
  1804 | D:3      | Reached XP level 5. HP: 47/47 MP: 4/4
  2364 | D:4      | Found an iron altar of Okawaru.
  2445 | D:4      | Found Rahiobot's Assorted Antiques.
  2456 | D:4      | Reached skill level 5 in Shields
  2733 | D:4      | Found a staircase to the Ecumenical Temple.
  2739 | Temple   | Entered the Ecumenical Temple
  2775 | Temple   | Became a worshipper of Trog the Wrathful
  2870 | D:4      | Found Suufuac's Gadget Boutique.
  2880 | D:4      | Found Liothill's Jewellery Boutique.
  2901 | D:4      | Found Qyugrur's Armour Boutique.
  2905 | D:4      | Splashed by an orc's acid

Skill      XL: |  1  2  3  4  5 |
---------------+----------------+-----
Shields        | 4 5 |  5.0
Armour         | 4 |  4.9
Fighting       | 4 |  4.4
Maces & Flails | 3 4 |  4.4

Action                   |  1- 3 |  4- 6 || total
-------------------------+-------+-------++-------
Melee: Flail             |    78 |   112 ||   190
       Headbutt          |     9 |    18 ||    27
  Use: Scroll            |       |     8 ||     8
 Stab: Sleeping          |       |     5 ||     5
  Eat: Chunk             |       |     6 ||     6
Armor: Scale mail        |    45 |    16 ||    61
       Ring mail         |       |    11 ||    11
Dodge: Dodged            |    25 |    33 ||    58
Block: Shield            |    40 |    53 ||    93
